 Dungeon Crawl Stone Soup version 0.31.0-1-g2c135a008e (webtiles) character file.

Game seed: 13198873655153698295

10754 lilalause the Fighter (level 11, -2/113 HPs)
             Began as an Oni Artificer on Jan 20, 2024.
             Was a Priest of the Shining One.
             Slain by a shard shrike skeleton (14 damage)
             ... on level 2 of the Abyss.
             The game lasted 00:36:27 (13413 turns).

lilalause the Fighter (Oni Artificer)              Turns: 13413, Time: 00:36:28

Health: -2/113     AC:  4    Str: 22    XL:     11   Next: 67%
Magic:  15/15      EV: 17    Int: 12    God:    the Shining One [***...]
Gold:   272        SH:  5    Dex: 15    Spells: 9/10 levels left

rFire   . . .        a - +2 hand axe (venom)
rCold   . . .        (no shield)
rNeg    + . .        Y - +0 troll leather armour
rPois   .            (helmet restricted)
rElec   .            (no cloak)
rCorr   .            (gloves unavailable)
SInv    .            (boots unavailable)
Will    +....        G - amulet of reflection
Stlth   +            V - +5 ring of evasion
HPRegen 0.38/turn    x - +6 ring of dexterity
MPRegen 0.14/turn

%: reflection
@: about to teleport, glowing
A: large, unfitting armour, horns 1, tough skin 1, double potion healing,
drunken brawling
a: Renounce Religion, Divine Shield, Cleansing Flame


You were on level 2 of the Abyss.
You worshipped the Shining One.
The Shining One was most pleased with you.
You visited 2 branches of the dungeon, and saw 11 of its levels.
You visited the Abyss 1 time.

You collected 577 gold pieces.
You spent 305 gold pieces at shops.

Inventory:

Hand Weapons
 a - a +2 hand axe of venom (weapon)
 b - a +1 hand axe of flaming
 n - a +2 orcbow of electrocution
 q - a +0 halberd
 r - a +0 giant spiked club
 E - a +1 hand axe of flaming
 J - a +1 whip of freezing
 K - a +0 battleaxe
 Z - a +3 dire flail
Missiles
 P - 5 curare-tipped darts (quivered)
 Q - 12 poisoned darts
Armour
 l - an orb of energy
 U - +0 swamp dragon scales
 Y - a +0 troll leather armour (worn)
Magical Staves
 I - a staff of air
Jewellery
 u - a ring of wizardry
 x - a +6 ring of dexterity (right hand)
 G - an amulet of reflection (around neck)
 N - the ring "Gaxzoxo" {rF+ rN+}
   (You found it on level 7 of the Dungeon)

   [ring of protection from fire]

   rF+:       It protects you from fire.
   rN+:       It protects you from negative energy.
 V - a +5 ring of evasion (left hand)
Talismans
 F - a beast talisman
 O - a talisman of death
Wands
 c - a wand of flame (9)
 d - a wand of charming (31)
 e - a wand of iceblast (4)
 g - a wand of digging (4)
 X - a wand of quicksilver (3)
Scrolls
 f - a scroll of butterflies
 h - 2 scrolls of torment
 i - a scroll of poison
 j - 2 scrolls of enchant armour
 m - 3 scrolls of teleportation
 o - a scroll of fog
 t - a scroll of noise
 z - 3 scrolls of amnesia {unknown}
 A - 2 scrolls of revelation
 B - 2 scrolls of blinking
Potions
 k - a potion of lignification
 p - 3 potions of invisibility
 s - a potion of haste
 v - 2 potions of enlightenment
 w - 4 potions of mutation
 C - 2 potions of resistance
 H - a potion of cancellation
 L - 2 potions of ambrosia
 M - 2 potions of berserk rage {unknown}
 S - a potion of might {unknown}
 T - 3 potions of heal wounds {unknown}
Miscellaneous
 y - a sack of spiders (inert)


   Skills:
 + Level 8.9 Fighting
 * Level 7.0(8.0) Axes
 - Level 5.8(7.4) Maces & Flails
 + Level 6.2 Throwing
 * Level 5.3 Armour
 + Level 5.4 Dodging
 - Level 0.6 Stealth
 + Level 3.9 Translocations
 + Level 6.1 Invocations
 + Level 6.0 Evocations


You had 9 spell levels left.
You knew the following spells:

 Your Spells              Type           Power      Damage    Failure   Level
a - Apportation           Tloc           18%        N/A       8%          1

Your spell library contained the following spells:

 Spells                   Type           Power      Damage    Failure   Level
 Necrotise                Necr           0%         1d4       36%         1
 Sting                    Conj/Alch      0%         1d3       36%         1
 Summon Small Mammal      Summ           0%         N/A       36%         1
 Static Discharge         Conj/Air       0%         3-3/arc   50%         2
 Airstrike                Air            0%         2d(0-16)  98%         4
 Summon Lightning Spire   Summ/Air       0%         N/A       98%         4


Dungeon Overview and Level Annotations

Branches:
Dungeon (10/15)            Temple (1/1) D:6            Lair (0/5) D:8
    Orc: D:9-12

Altars:
Ashenzari
Cheibriados
Dithmenos
Elyvilon
Fedhas
Gozag
Hepliaklqana
Kikubaaqudgha
Makhleb
Nemelex Xobeh
Okawaru
Qazlal
Ru
Sif Muna
Trog
Uskayaw
Vehumet
Wu Jian
Xom
Yredelemnul
Zin
The Shining One

Shops:
D:1 ?   D:3 [

Annotations:
D:1 2 runed translucent doors
D:6 exclusion: door
D:10 Psyche


Innate Abilities, Weirdness & Mutations

You are too large for most types of armour.
You have a pair of small horns on your head.
You have tough skin. (AC +1)
You gain doubled healing and magic from potions.
Whenever you drink a healing potion, you attack all around you.


Message History

The shard shrike skeleton claws you but does no damage.
The shard shrike skeleton claws you!
The shard shrike skeleton attacks as it pursues you!
The shard shrike skeleton claws you but does no damage.
The shard shrike skeleton barely misses you.
The shard shrike skeleton attacks as it pursues you!
The shard shrike skeleton claws you.
The shard shrike skeleton attacks as it pursues you!
The shard shrike skeleton claws you but does no damage.
The shard shrike skeleton claws you.
The shard shrike skeleton completely misses you.
Your extra speed is starting to run out.
The shard shrike skeleton misses you.
The shard shrike skeleton attacks as it pursues you!
The shard shrike skeleton closely misses you.
The shard shrike skeleton claws you!
* * * LOW HITPOINT WARNING * * *
A raiju comes into view.
The shard shrike skeleton barely misses you.
The raiju barks!
The shard shrike skeleton attacks as it pursues you!
The shard shrike skeleton claws you.
* * * LOW HITPOINT WARNING * * *
The shard shrike skeleton claws you but does no damage.
The shard shrike skeleton attacks as it pursues you!
The shard shrike skeleton claws you.
* * * LOW HITPOINT WARNING * * *
The shard shrike skeleton claws you.
* * * LOW HITPOINT WARNING * * *
The raiju bursts into living lightning!
The living lightning misses you.
The raiju blinks!
You feel yourself slow down.
The shard shrike skeleton attacks as it pursues you!
The shard shrike skeleton barely misses you.
The shard shrike skeleton claws you.
* * * LOW HITPOINT WARNING * * *
The shard shrike skeleton claws you.
* * * LOW HITPOINT WARNING * * *
The shard shrike skeleton claws you!
You die...

.#. # # ..####
#.###.##..#.##
#....#..#.#.§ .#
#......§##§##.#
#.§........##.#
#....h.....#
#.....#.Z#.##..#
#.##....#@.....#
.. #..#...##.#.#
.. #........# .
.#.§....#.
###.#..#.#
#####... ##


You could see a raiju and a shard shrike skeleton.

Vanquished Creatures
  3 death yaks
  A thrashing horror (Abyss:1)
  Pikel (D:6)
  Maggie (D:7)
  A kobold demonologist (D:9)
  2 trolls
  A hornet (D:9)
  Sigmund (D:2)
  A small abomination (Abyss:1)
  A wraith (D:10)
  9 yaks
  Menkaure (D:6)
  A water moccasin (D:8)
  3 sky beasts
  6 orc warriors
  2 black bears
  2 ice beasts
  4 lemures
  5 ogres
  3 phantoms
  3 centaurs
  6 kobold brigands
  5 bullfrogs
  A scorpion (D:6)
  3 wights (D:9)
  17 killer bees
  A howler monkey (D:10)
  A bombardier beetle (D:5)
  2 jellies
  8 hounds
  4 orc priests
  7 gnoll boudas
  A sleepcap (D:8)
  4 iguanas
  4 orc wizards
  2 hell rats
  10 gnolls
  6 adders
  2 river rats (D:8)
  2 shadow imps
  2 white imps
  An ufetubus (D:6)
  A dart slug (D:4)
  29 orcs
  7 endoplasms
  4 giant cockroaches
  7 goblins
  4 hobgoblins
  5 jackals
  5 ball pythons
  6 bats
  7 frilled lizards
  22 kobolds
  2 rats
240 creatures vanquished.

Notes
Turn   | Place    | Note
-------+----------+-------------------------------------------
     0 | D:1      | lilalause the Oni Artificer began the quest for the Orb.
     0 | D:1      | Reached XP level 1. HP: 19/19 MP: 1/1
   292 | D:1      | Reached XP level 2. HP: 28/28 MP: 2/2
   463 | D:1      | Reached skill level 1 in Maces & Flails
   668 | D:1      | Found Iddoco's Magic Scroll Shoppe.
   672 | D:1      | Bought a scroll of identify for 20 gold pieces
   672 | D:1      | Bought a scroll of identify for 20 gold pieces
   795 | D:1      | Found a large runed translucent door.
   795 | D:1      | Found a large runed translucent door.
   803 | D:1      | Noticed an orc warrior
   804 | D:1      | Reached skill level 2 in Fighting
  1109 | D:1      | Reached XP level 3. HP: 34/35 MP: 3/3
  1460 | D:1      | Bought a scroll of teleportation for 30 gold pieces
  1475 | D:2      | Noticed Sigmund
  1486 | D:2      | Killed Sigmund
  1487 | D:2      | Reached skill level 3 in Fighting
  1487 | D:2      | Reached XP level 4. HP: 34/45 MP: 4/4
  1487 | D:2      | Reached XP level 5. HP: 41/53 MP: 5/5
  2212 | D:1      | Bought a scroll of noise for 10 gold pieces
  2415 | D:3      | Reached XP level 6. HP: 60/61 MP: 6/6
  2632 | D:3      | Found Raucioh's Armour Emporium.
  2822 | D:1      | Bought a scroll of revelation for 75 gold pieces
  3799 | D:5      | Entered Level 5 of the Dungeon
  3804 | D:5      | Reached skill level 4 in Fighting
  3812 | D:5      | Noticed a black bear
  3848 | D:5      | Killed a black bear
  3849 | D:5      | Reached XP level 7. HP: 62/71 MP: 7/7
  3931 | D:5      | HP: 2/71 [ogre/+0 giant spiked club (27)]
  4147 | D:5      | Learned a level 1 spell: Apportation
  4266 | D:5      | Reached skill level 5 in Maces & Flails
  4509 | D:5      | Reached skill level 5 in Fighting
  4801 | D:1      | Bought a scroll of blinking for 75 gold pieces
  4873 | D:6      | Reached skill level 1 in Translocations
  4873 | D:6      | Reached XP level 8. HP: 68/80 MP: 8/8
  5000 | D:6      | Found a staircase to the Ecumenical Temple.
  5002 | D:6      | Noticed Menkaure
  5006 | Temple   | Entered the Ecumenical Temple
  5028 | Temple   | Became a worshipper of the Shining One
  5716 | D:6      | Killed Menkaure
  5717 | D:6      | Reached skill level 1 in Throwing
  5825 | D:6      | Reached skill level 1 in Invocations
  6467 | D:6      | Reached skill level 1 in Axes
  6697 | D:6      | Noticed Pikel
  6812 | D:6      | Killed Pikel
  6813 | D:6      | Reached skill level 6 in Fighting
  6813 | D:6      | Reached XP level 9. HP: 67/89 MP: 10/10
  6907 | D:6      | Noticed a boulder beetle
  8238 | D:7      | Identified the ring "Gaxzoxo" {rF+ rN+}
  8294 | D:7      | Reached skill level 1 in Armour
  8438 | D:7      | Noticed Maggie
  8438 | D:7      | Reached * piety under the Shining One
  8454 | D:7      | Killed Maggie
  8455 | D:7      | Reached skill level 7 in Fighting
  8473 | D:7      | Reached skill level 5 in Evocations
  8473 | D:7      | Reached XP level 10. HP: 69/102 MP: 12/12
  8937 | D:1      | Bought a scroll of enchant armour for 75 gold pieces
  9182 | D:8      | Noticed a death yak
  9454 | D:8      | Reached skill level 5 in Throwing
  9527 | D:8      | Noticed a death yak
  9592 | D:8      | Killed a death yak
  9593 | D:8      | Reached skill level 5 in Axes
  9977 | D:8      | Noticed a death yak
 10022 | D:8      | Killed a death yak
 10036 | D:7      | Killed a death yak
 10037 | D:7      | Reached skill level 8 in Fighting
 10037 | D:7      | Reached skill level 5 in Invocations
 10483 | D:8      | Found a staircase to the Lair.
 10660 | D:8      | Reached XP level 11. HP: 81/111 MP: 14/14
 11003 | D:9      | Found a shimmering altar of Xom.
 11141 | D:9      | Reached skill level 5 in Dodging
 11226 | D:9      | Reached ** piety under the Shining One
 12348 | D:10     | Entered Level 10 of the Dungeon
 12684 | D:10     | Reached skill level 5 in Armour
 13175 | D:10     | Noticed Psyche
 13182 | Abyss:1  | Cast into level 1 of the Abyss (Psyche)
 13237 | Abyss:1  | Noticed a dread lich
 13242 | Abyss:1  | Noticed a thrashing horror
 13255 | Abyss:1  | Killed a thrashing horror
 13271 | Abyss:1  | Reached *** piety under the Shining One
 13271 | Abyss:1  | Noticed a flayed ghost
 13338 | Abyss:1  | Noticed a bone dragon
 13354 | Abyss:1  | Noticed a wretched star
 13371 | Abyss:2  | Noticed a soul eater
 13386 | Abyss:2  | Noticed a shard shrike skeleton
 13413 | Abyss:2  | Slain by a shard shrike skeleton

Illustrated notes

Levels and vault maps discovered:
D:1:      erik_arrival_cave_to_civilisation [erik_arrival_cave_to_temple],
          layout_basic, serial_shops, shop, minmay_hedge_maze, minmay_surrounded
D:2:      layout_basic, uniq_sigmund
D:3:      layout_rooms, serial_shops, shop
D:4:      layout_basic, grunt_decor_fettered
D:5:      layout_rooms, kennysheep_generic_room_6
D:6:      minmay_clustersquares, layout_basic, minmay_temple_entry_tees,
          uniq_pikel, uniq_menkaure
D:7:      layout_cave_pools, uniq_maggie
D:8:      layout_loops_ring, dpeg_lair_monsters
D:9:      kennysheep_seaside_town, layout_long_grid, tgw_xom
D:10:     layout_long_grid, uniq_psyche
Temple:   nicolae_temple_bog_church
Abyss:2:  base: D:7, bh_abyss_exit_grid, bh_abyss_exit_grid

Skill      XL: |  1  2  3  4  5  6  7  8  9 10 11 |
---------------+----------------------------------+-----
Maces & Flails | 1 3 4 5 |  5.8
Fighting       | 2 3 4 5 6 7 8 |  8.9
Dodging        | 3 4 5 |  5.4
Evocations     | 3 4 5 6 |  6.0
Translocations | 1 2 3 |  3.9
Throwing       | 3 4 5 6 |  6.2
Invocations    | 2 3 5 6 |  6.1
Axes           | 2 4 6 7 |  7.0
Armour         | 1 4 5 |  5.3
Stealth        | |  0.6

Action                     |  1- 3 |  4- 6 |  7- 9 | 10-12 || total
---------------------------+-------+-------+-------+-------++-------
  Melee: Club              |    79 |    73 |       |       ||   152
         Headbutt          |    10 |    28 |    58 |   121 ||   217
         Punch             |       |     3 |     3 |     4 ||    10
         Hand axe          |       |    45 |   268 |   361 ||   674
         Flail             |       |     8 |       |       ||     8
         Battleaxe         |       |       |       |     5 ||     5
  Throw: Dart              |       |       |    11 |    22 ||    33
         Throwing net      |       |       |       |     1 ||     1
  Evoke: Wand              |     5 |       |     4 |       ||     9
         Sack of spiders   |       |       |       |     1 ||     1
    Use: Scroll            |     1 |     3 |     7 |     9 ||    20
         Potion            |       |       |     1 |     1 ||     2
   Stab: Sleeping          |     1 |     2 |       |       ||     3
 Armour: Robe              |    58 |    73 |   206 |    55 ||   392
         Troll leather arm |       |       |       |    75 ||    75
         Swamp dragon scal |       |       |       |    74 ||    74
  Dodge: Dodged            |    50 |    83 |   133 |   229 ||   495
  Block: Other             |       |       |    24 |    75 ||    99
         Reflection        |       |       |     1 |       ||     1
